 Dungeon Crawl Stone Soup version 0.31-a0-1370-gf52a5a9ab3 (webtiles) character file.

Game seed: 11371435134162883884

1260581 ParallaxScroll the Slayer (level 26, 204/204 HPs)
             Began as an Octopode Alchemist on Dec 21, 2023.
             Was a High Priest of Ignis.
             Escaped with the Orb
             ... and 3 runes on Dec 23, 2023!
             The game lasted 11:49:55 (129391 turns).

ParallaxScroll the Slayer (Octopode Alchemist)    Turns: 129391, Time: 11:49:56

Health: 204/204    AC: 14    Str:  8    XL:     26   Next: 80%
Magic:  40/40      EV: 40    Int: 39    God:    Ignis [*****.]
Gold:   2133       SH: 17    Dex: 30    Spells: 1/51 levels left

rFire   + + +        a - +10 morningstar "Eos" {elec, Halo rElec}
rCold   + . .        J - +3 buckler {AC+3}
rNeg    + . .        j - +2 hood of the Assassin {Detect Stab+ Stlth++}
rPois   +            Y - amulet of Axtoitryed {Reflect rF+ Int-3 Slay+6 SH+5}
rElec   +            Q - ring "Zecium" {rPois rCorr Dex+8 Stlth-}
rCorr   +            g - ring of Dogma {^Drain rElec rC+ Int+4 Dex+6}
SInv    .            t - +4 ring of protection
Will    ++...        L - +4 ring of protection
Stlth   +            M - ring "Jeacsa" {Will+ EV+2 Int-2 Dex+3}
HPRegen 0.54/turn    z - ring of positive energy
MPRegen 0.27/turn    N - ring "Ibbaiqyc" {EV+5 Str-5 Int+9}
                     P - +6 ring of strength

%: reflection
@: glowing, studying 2 skills
A: almost no armour, amphibious, 8 rings, camouflage 1, gelatinous body 1,
(nimble swimmer 1), tentacles, clever 1, fire resistance 1
0: Orb of Zot
}: 3/15 runes: barnacled, silver, gossamer
a: Renounce Religion, Fiery Armour, Foxfire Swarm, Rising Flame


You escaped.
You worshipped Ignis.
Ignis was extremely pleased with you.
You visited 10 branches of the dungeon, and saw 49 of its levels.
You also visited: Sewer, Bailey and Gauntlet.

You collected 6821 gold pieces.
You spent 4688 gold pieces at shops.

Inventory:

Hand Weapons
 a - the +10 morningstar "Eos" (weapon) {elec, Halo rElec}
   (You found it on level 1 of the Orcish Mines)

   Halo:      It grants its wielder a halo, revealing invisible creatures and
   increasing accuracy against all within it other than the wielder.
   rElec:     It insulates you from electricity.
 b - a +9 heavy morningstar
 r - the +6 morningstar of Verdant Optimality {vamp, *Noise rElec Int+5 SInv}
   (You found it on level 1 of the Orcish Mines)

   Int+5:     It affects your intelligence (+5).
   rElec:     It insulates you from electricity.
   SInv:      It lets you see invisible.
   *Noise:    It may make a loud noise when swung.
Missiles
 f - 26 silver javelins (quivered)
 k - 5 throwing nets
 B - 5 curare-tipped darts
Armour
 j - the +2 hood of the Assassin (worn) {Detect Stab+ Stlth++}
   (You found it on level 5 of the Vaults)

   Detect:    It allows the wearer to sense nearby creatures.
   Stab+:     It allows the wearer to make particularly effective stabbing
   attacks against helpless or unaware enemies with any weapon.
   Stlth++:   It makes you much more stealthy.
 J - a +3 buckler of protection (worn)
Jewellery
 g - the ring of Dogma (right tentacle) {^Drain rElec rC+ Int+4 Dex+6}
   (You bought it in a shop on level 2 of the Dungeon)

   [ring of dexterity]

   Int+4:     It affects your intelligence (+4).
   Dex+6:     It affects your dexterity (+6).
   rC+:       It protects you from cold.
   rElec:     It insulates you from electricity.
   ^Drain:    It drains your maximum health when unequipped.
 t - a +4 ring of protection (on tentacle)
 u - a ring of flight
 z - a ring of positive energy (on tentacle)
 L - a +4 ring of protection (on tentacle)
 M - the ring "Jeacsa" (on tentacle) {Will+ EV+2 Int-2 Dex+3}
   (You bought it in a shop on level 2 of the Dungeon)

   [ring of evasion]

   EV+2:      It affects your evasion (+2).
   Int-2:     It affects your intelligence (-2).
   Dex+3:     It affects your dexterity (+3).
   Will+:     It increases your willpower.
 N - the ring "Ibbaiqyc" (on tentacle) {EV+5 Str-5 Int+9}
   (You found it on level 12 of the Dungeon)

   [ring of evasion]

   EV+5:      It affects your evasion (+5).
   Str-5:     It affects your strength (-5).
   Int+9:     It affects your intelligence (+9).
 O - a ring of willpower
 P - a +6 ring of strength (on tentacle)
 Q - the ring "Zecium" (left tentacle) {rPois rCorr Dex+8 Stlth-}
   (You bought it in a shop on level 2 of the Dungeon)

   [ring of poison resistance]

   Dex+8:     It affects your dexterity (+8).
   rPois:     It protects you from poison rCorr: It protects you from acid and
   corrosion.
   Stlth-:    It makes you less stealthy.
 Y - the amulet of Axtoitryed (around mantle) {Reflect rF+ Int-3 Slay+6 SH+5}
   (You acquired it on level 4 of the Lair of Beasts)

   [amulet of reflection]

   Reflect:   It reflects blocked missile attacks.
   Int-3:     It affects your intelligence (-3).
   Slay+6:    It affects your accuracy & damage with ranged weapons and melee
   (+6).
   rF+:       It protects you from fire.
   SH+5:      It affects your SH (+5).
Wands
 l - a wand of charming (26)
 p - a wand of iceblast (37)
 w - a wand of digging (23)
 R - a wand of mindburst (25)
 U - a wand of acid (8)
 V - a wand of polymorph (21)
Scrolls
 d - 14 scrolls of teleportation
 e - 4 scrolls of blinking
 i - 9 scrolls of fog
 v - 6 scrolls of vulnerability
 y - 4 scrolls of fear
 E - 6 scrolls of summoning
 F - a scroll of silence
Potions
 h - 17 potions of heal wounds
 m - 13 potions of curing
 n - 4 potions of magic
 o - 7 potions of haste
 q - 4 potions of might
 x - 7 potions of cancellation
 A - 4 potions of enlightenment
 C - 3 potions of invisibility
 G - 2 potions of berserk rage
 H - 3 potions of attraction
 I - 2 potions of brilliance
 K - 6 potions of lignification
 T - 8 potions of ambrosia
 W - 3 potions of resistance
 X - 14 potions of mutation
Miscellaneous
 c - a sack of spiders
 s - a phantom mirror
 D - a phial of floods
 S - a lightning rod (4/4)


   Skills:
 + Level 22.9 Fighting
 - Level 11.7(14.6) Axes
 - Level 14.3(16.0) Maces & Flails
 - Level 10.0 Throwing
 - Level 18.0 Dodging
 - Level 3.0 Stealth
 - Level 12.8 Shields
 - Level 13.2 Spellcasting
 - Level 19.0 Conjurations
 - Level 7.0 Hexes
 - Level 5.1 Necromancy
 - Level 6.0 Translocations
 - Level 11.0 Fire Magic
 - Level 4.0 Air Magic
 - Level 7.8 Earth Magic
 - Level 9.0 Alchemy
 - Level 13.0 Evocations


You had one spell level left.
You knew the following spells:

 Your Spells              Type           Power      Damage    Failure   Level
a - Sting                 Conj/Alch      100%       1d9       0%          1
b - Mercury Vapours       Alch/Air       100%       N/A       1%          2
c - Mephitic Cloud        Conj/Alch/Air  83%        N/A       1%          3
d - Olgreb's Toxic Radia  Alch           77%        N/A       1%          4
e - Sticky Flame          Fire/Alch      81%        2d13      1%          4
f - Lesser Beckoning      Tloc           100%       N/A       1%          2
g - Fireball              Conj/Fire      48%        3d19      1%          5
h - Starburst             Conj/Fire      48%        6d13      1%          6
i - Orb of Destruction    Conj           54%        9d14      1%          7
j - Blink                 Tloc           100%       N/A       1%          2
k - Yara's Violent Unrav  Hex/Alch       36%        3d15      1%          5
l - Passage of Golubria   Tloc           64%        N/A       1%          4
m - Passwall              Alch/Erth      62%        N/A       1%          2
n - Fugue of the Fallen   Necr           60%        N/A       1%          3

Your spell library contained the following spells:

 Spells                   Type           Power      Damage    Failure   Level
 Magic Dart               Conj           100%       1d8       0%          1
 Necrotise                Necr           100%       1d9       1%          1
 Summon Small Mammal      Summ           100%       N/A       1%          1
 Momentum Strike          Conj/Tloc      100%       3d10      0%          2
 Searing Ray              Conj           100%       2d8       0%          2
 Cigotuvi's Dreadful Rot  Necr/Alch/Air  100%       N/A       1%          2
 Ensorcelled Hibernation  Hex/Ice        100%       N/A       1%          2
 Jinxbite                 Hex            100%       N/A       1%          2
 Static Discharge         Conj/Air       100%       3-8/arc   1%          2
 Dazzling Flash           Conj/Hex       100%       N/A       1%          3
 Gell's Gravitas          Tloc           64%        N/A       1%          3
 Hailstorm                Conj/Ice       79%        3d13      1%          3
 Inner Flame              Hex/Fire       77%        N/A       1%          3
 Stone Arrow              Conj/Erth      100%       3d13      1%          3
 Summon Guardian Golem    Hex/Summ       52%        N/A       1%          3
 Swiftness                Air            54%        N/A       1%          3
 Teleport Other           Tloc           64%        N/A       1%          3
 Tukima's Dance           Hex            69%        N/A       1%          3
 Vampiric Draining        Necr           60%        2d10      1%          3
 Volatile Blastmotes      Fire/Tloc      100%       2d18      1%          3
 Animate Dead             Necr           60%        N/A       1%          4
 Brom's Barrelling Bould  Conj/Erth      92%        2d10      1%          4
 Dimensional Bullseye     Hex/Tloc       33%        N/A       1%          4
 Dispel Undead            Necr           60%        3d21      1%          4
 Flame Wave               Conj/Fire      97%        2d20      1%          4
 Fulminant Prism          Conj/Alch      47%        3d21      1%          4
 Iskenderun's Mystic Bla  Conj/Tloc      89%        2d17      1%          4
 Leda's Liquefaction      Alch/Erth      37%        N/A       1%          4
 Manifold Assault         Tloc           64%        N/A       1%          4
 Petrify                  Alch/Erth      75%        N/A       1%          4
 Freezing Cloud           Conj/Ice/Air   35%        6-21      1%          5
 Iskenderun's Battlesphe  Conj           100%       2d15      1%          5
 Lee's Rapid Deconstruct  Erth           36%        3d18*     1%          5
 Call Imp                 Summ           50%        N/A       2%          2
 Conjure Ball Lightning   Conj/Air       43%        3x3d15    2%          6
 Airstrike                Air            27%        2d(4-20)  3%          4
 Borgnjor's Vile Clutch   Necr/Erth      33%        N/A       3%          5
 Call Canine Familiar     Summ           25%        N/A       5%          3
 Frozen Ramparts          Ice            50%        1d8       5%          3
 Ozocubu's Armour         Ice            25%        N/A       5%          3
 Agony                    Necr           60%        N/A       6%          5
 Eringya's Noxious Bog    Alch           38%        4d6       7%          6
 Summon Lightning Spire   Summ/Air       41%        N/A       8%          4
 Metabolic Englaciation   Hex/Ice        26%        N/A       12%         5
 Summon Mana Viper        Hex/Summ       52%        N/A       12%         5
 Summon Forest            Summ/Tloc      24%        N/A       14%         5
 Summon Ice Beast         Ice/Summ       25%        N/A       17%         4
 Dispersal                Tloc           32%        N/A       22%         6
 Death Channel            Necr           30%        N/A       32%         6
 Lehudib's Crystal Spear  Conj/Erth      46%        10d11     41%         8
 Enfeeble                 Hex            34%        N/A       63%         7
 Simulacrum               Ice/Necr       22%        N/A       67%         6
 Summon Cactus Giant      Summ           12%        N/A       95%         6
 Fire Storm               Conj/Fire      48%        8d12      98%         9
 Haunt                    Necr/Summ      22%        N/A       99%         7
 Monstrous Menagerie      Summ           12%        N/A       100%        7
 Summon Hydra             Summ           12%        N/A       100%        7
 Borgnjor's Revivificati  Necr           30%        N/A       100%        8
 Discord                  Hex            34%        N/A       100%        8
 Disjunction              Tloc           32%        N/A       100%        8
 Maxwell's Capacitive Co  Air            27%        ∞         100%        8
 Death's Door             Necr           30%        N/A       100%        9
 Animate Armour           Summ/Erth      Unusable   N/A       N/A         4

Dungeon Overview and Level Annotations

Branches:
Dungeon (15/15)            Temple (0/1) D:4            Lair (5/5) D:8
 Shoals (4/4) Lair:2       Spider (4/4) Lair:3        Slime (0/5) Lair:5
    Orc (2/2) D:12            Elf (3/3) Orc:2        Vaults (5/5) D:13
  Crypt (2/3) Vaults:2     Depths (4/4) D:15            Zot (5/5) Depths:4
  Sewer (visited)          Bailey (visited)         Gauntlet (visited)

Altars:
Dithmenos
Elyvilon
Fedhas
Hepliaklqana
Kikubaaqudgha
Nemelex Xobeh
Okawaru
Qazlal
Ru
Wu Jian
Xom
Yredelemnul
Zin
The Shining One
Ignis
Jiyva
Lugonu

Shops:
D:2 =   D:4 =[!   D:13 [   Orc:2 [=*[   Elf:1 [*   Elf:3 ?   Shoals:2 ?
Vaults:3 =   Depths:3 [   Depths:4 [

Portals:
Hell: Depths:1 Depths:2 Depths:3 Depths:4
Abyss: Depths:2 Depths:3 Depths:4
Pandemonium: Depths:2 Depths:3
Ziggurat: Depths:4
Trove: Vaults:1 (give horn of Geryon)

Annotations:
Spider:3 Roxanne
Elf:2 25 runed translucent doors
Crypt:2 Donald
Depths:1 3 runed translucent doors, Gozikhly's ghost, adept DgIE
Zot:2 1 runed translucent door, Vaid's ghost, master GnFi
Zot:5 1 exclusion


Innate Abilities, Weirdness & Mutations

You cannot wear most types of armour.
You are amphibious.
You can wear up to eight rings at the same time.
Your skin changes colour to match your surroundings (Stealth+).
Your rubbery body absorbs attacks. (AC +1, EV +1)
((You are camouflaged when in or above water. (Stealth+)))
You have tentacles for arms and can constrict up to eight enemies at once.
Your mind is acute. (Int +4, Str/Dex -1)
Your flesh is heat resistant. (rF+)


Message History

The Executioner is almost dead.
The Executioner burns!
The Executioner completely misses you.
The Executioner hits you but does no damage.
You block the Executioner's attack. The Executioner completely misses you.
You block the Executioner's attack. The Executioner completely misses you.
The Executioner hits you but does no damage.
The Executioner completely misses you. The Executioner hits you.
You hit the Executioner but do no damage.
You squeeze the Executioner!
The Executioner is almost dead.
The Executioner burns!
You kill the Executioner!
You start resting.
A large abomination is nearby!
Magic restored.
A mysterious force pulls you upwards. The hatch slams shut behind you.
What level of the Dungeon? (default 1, ? - help)
You open the door.
You sense a monster nearby.
There is an open door here.
There is a stone staircase leading up, spattered with blood here.
What level of the Dungeon? (default 1, ? - help)
You climb upwards.
There is a stone staircase leading down here.
There is a stone staircase leading up here.
You climb upwards.
There is a stone staircase leading down here.
There is a stone staircase leading up here.
You climb upwards.
There is a stone staircase leading down here.
There is a fountain of clear blue water here.
There is a stone staircase leading up here.
You climb upwards.
There is a stone staircase leading down here.
There is a stone staircase leading down here.
There is a stone staircase leading down here.
There is an open door here.
There is an open door here.
There is a staircase leading out of the dungeon here.
You have escaped!

.....##..# #.# #. ##.####..# #.#
## #.####..## #.# #........# #.#
######...# #.# #####)..## #.# ##
#........########## #.# #.
###.###....##.......######.#####.
............'...@...'...##.##....
..........###.......#......##.###
........#.# #########....####.#
........#)###.......#.....###.#
........#...+.>.>.>.'......##.#
........#####.......#.....###.#
.........# #########[...## #.#
###.#.#..## #.........## #.#
#........# #..####...# #.#


There were no monsters in sight!

Vanquished Creatures
  Frederick (Vaults:2)
  An ancient lich (Vaults:5)
  6 dread liches
  2 orbs of fire
  Mara (Spider:3)
  2 juggernauts (Depths:2)
  Xtahua (Depths:4)
  Boris (Vaults:4)
  Vv (Depths:4)
  Saint Roka (D:15)
  A Killer Klown (Zot:5)
  7 golden dragons
  Arachne (Spider:3)
  Nikola (Spider:3)
  A doom hound (Zot:3)
  11 tentacled monstrosities
  A walking earthen tome (Depths:3)
  5 liches
  23 Orb Guardians
  3 quicksilver dragons (Zot:5)
  2 deep elf blademasters (Elf:3)
  2 walking crystal tomes
  2 deep elf master archers (Elf:3)
  3 sphinxes
  Grunn (Zot:3)
  9 titans
  An Executioner (D:6)
  2 krakens (Shoals:4)
  Polyphemus (Shoals:2)
  7 death cobs
  Frances (Shoals:2)
  4 tengu reavers
  7 shadow dragons
  7 storm dragons
  Kirke (Shoals:1)
  Agnes (Elf:2)
  Aizul (Shoals:1)
  3 revenants (Crypt:1)
  3 draconian knights
  8 emperor scorpions
  16 frost giants
  A draconian scorcher (Zot:2)
  12 fire giants
  4 iron dragons
  5 protean progenitors
  6 deep elf sorcerers
  A caustic shrike zombie (Crypt:2)
  Louise (Spider:1)
  2 draconian stormcallers (Zot:3)
  5 ghost moths
  19 ironbound preservers
  16 vault wardens
  A draconian annihilator (Zot:3)
  A curse skull (Crypt:1)
  An angel (Shoals:4)
  5 deep elf elementalists
  2 formless jellyfish
  3 reapers
  An orc warlord (Vaults:1)
  15 stone giants
  An apis (Shoals:4)
  3 war gargoyles
  A broodmother (Spider:4)
  4 very ugly things
  13 deep elf death magi
  9 deep elf demonologists
  8 vampire knights
  3 ironbound thunderhulks
  4 black draconians
  4 purple draconians
  3 green draconians
  12 spark wasps
  5 red draconians
  8 deep elf annihilators
  A yellow draconian (Zot:2)
  Azrael (D:13)
  17 dire elephants
  3 white draconians
  A minotaur (Gauntlet)
  10 ettins
  A crystal guardian (Vaults:4)
  2 eidola (Crypt:1)
  A green death (Zot:5)
  2 deep elf high priests
  7 merfolk impalers
  20 yaktaur captains
  9 entropy weavers
  14 jiangshi
  7 rakshasas
  9 fire dragons
  6 merfolk javelineers (Shoals:4)
  Josephine (Shoals:1)
  39 vault guards
  9 great orbs of eyes
  A peacekeeper (Vaults:4)
  6 ice dragons
  3 merfolk avatars
  4 ogre magi
  10 centaur warriors
  4 hydras
  4 spriggan air magi
  5 ironbound frosthearts
  An alligator (Lair:2)
  A jorogumo (Spider:2)
  An anaconda (Lair:2)
  9 boulder beetles
  16 dancing weapons
  6 radroaches
  2 alligator snapping turtles (Shoals:3)
  5 satyrs
  10 two-headed ogres
  10 merfolk aquamancers
  A two-headed ogre (shapeshifter) (D:15)
  4 catoblepae
  11 death yaks
  9 deep troll shamans
  9 deep troll earth magi
  7 tengu warriors
  4 hell hogs
  7 vampire magi
  8 demonic crawlers
  4 spriggan berserkers
  4 occultists
  A sun demon (Depths:1)
  6 orc high priests
  A soul eater (Depths:1)
  6 hell knights
  6 deep elf knights
  A holy swine (Shoals:4)
  8 skysharks
  3 fire crabs
  8 iron trolls
  A storm dragon zombie (Crypt:2)
  4 pharaoh ants
  3 shadow wraiths
  A fire crab (shapeshifter) (Vaults:5)
  16 sea snakes
  46 deep trolls
  4 skeletal warriors (D:15)
  2 anaconda zombies (Crypt:1)
  12 arcanists
  2 cherubim (Shoals:4)
  5 glowing orange brains
  5 flayed ghosts
  5 orb spiders
  2 sun moths
  Pikel (D:8)
  A spriggan simulacrum (Crypt:1)
  11 phantasmal warriors
  11 deep elf archers
  A deep troll (shapeshifter) (Vaults:5)
  11 harpies
  A lindwurm (shapeshifter) (Vaults:4)
  6 necromancers
  5 steelbarb worms
  18 ironbound convokers
  18 lindwurms
  19 deep elf zephyrmancers
  16 orc knights
  32 deep elf pyromancers
  23 wolf spiders
  A stone giant zombie (Crypt:2)
  36 ugly things
  23 cyclopes
  4 orc sorcerers
  20 manticores
  20 fauns
  7 elephants
  Maurice (Orc:1)
  10 moths of wrath
  A faun (shapeshifter) (Vaults:5)
  A salamander (shapeshifter) (Elf:2)
  A shining eye (Depths:4)
  A human skeleton (Vaults:3)
  7 merfolk sirens
  An orc zombie (Crypt:2)
  A rust devil (D:15)
  An eye of devastation (shapeshifter) (Vaults:4)
  A fire giant skeleton (Crypt:2)
  4 black mambas
  A titan simulacrum (Crypt:2)
  7 water nymphs
  6 torpor snails
  3 gargoyles
  18 vault sentinels
  2 kobold demonologists (D:10)
  5 rime drakes
  9 cane toads
  2 komodo dragons (shapeshifter)
  43 yaktaurs
  An alligator snapping turtle skeleton (Crypt:1)
  2 unseen horrors
  A naga skeleton (Crypt:1)
  3 freezing wraiths
  4 unseen horror zombies (D:8)
  5 komodo dragons
  A green draconian skeleton (Crypt:2)
  3 tengu conjurers
  9 meliai
  A merfolk (shapeshifter) (Depths:4)
  A red devil (D:11)
  13 merfolk
  4 trolls
  20 tarantellas
  A death drake zombie (Crypt:1)
  3 hornets
  3 polar bears
  8 wind drakes
  Grinder (D:6)
  2 glass eyes (Depths:3)
  10 dream sheep
  11 snapping turtles
  24 blink frogs
  3 centaur simulacra
  22 slime creatures
  23 culicivoras
  27 jumping spiders
  23 water elementals
  4 laughing skulls (Crypt:1)
  A merfolk skeleton (Crypt:1)
  3 air elementals
  5 wyverns
  A tyrant leech zombie (Crypt:1)
  9 shadows
  77 yaks
  8 spriggans
  9 wraiths
  5 fire elementals
  4 humans (D:13)
  57 redbacks
  5 golden eyes (Depths:1)
  3 basilisks
  3 wargs
  3 steam dragons
  The ghost of JohnnyKeats the Sneak, an amateur OpBr (D:3)
  2 acid dragons
  Edmund (D:5)
  15 water moccasins
  6 hell hounds
  A water nymph zombie (Crypt:1)
  A glowing shapeshifter skeleton (Crypt:1)
  40 orc warriors
  2 ice beasts
  2 black bears (Lair:2)
  A hornet zombie (Crypt:2)
  2 sky beasts (D:7)
  3 boggarts (Vaults:4)
  10 centaurs
  24 wolves
  15 ogres
  3 phantoms
  4 lemures (D:8)
  Blork the orc (D:5)
  4 kobold brigands
  19 bullfrogs
  4 human simulacra (Vaults:3)
  2 gnoll sergeants
  3 scorpions
  13 wights
  A yak zombie (Crypt:2)
  A water moccasin skeleton (Crypt:1)
  A queen bee zombie (Crypt:2)
  A troll zombie (Crypt:1)
  10 killer bees
  7 electric eels
  2 howler monkeys
  2 centaur zombies (D:8)
  6 hounds
  15 jellies
  25 orc priests
  An iguana (D:5)
  24 orc wizards
  2 hell rats (Lair:2)
  A killer bee zombie (D:8)
  A boggart simulacrum (D:15)
  2 howler monkey zombies (D:8)
  A howler monkey skeleton (Crypt:1)
  8 adders
  14 gnolls
  5 river rats (Sewer)
  3 dart slugs
  99 orcs
  11 endoplasms
  6 giant cockroaches
  14 goblins
  9 hobgoblins
  4 jackals
  5 quokkas
  9 ball pythons
  6 bats
  An endoplasm zombie (Crypt:2)
  4 frilled lizards
  A goblin skeleton (Crypt:1)
  26 kobolds
  24 rats
  4 tentacles (Shoals:4)
2178 creatures vanquished.

Vanquished Creatures (others)
  2 liches
  A red draconian (Zot:2)
  A white draconian (Zot:2)
  A vault guard (D:13)
  An orb spider (Spider:4)
  A deep elf zephyrmancer (Elf:1)
  2 humans
  9 tentacles (Shoals:4)
18 creatures vanquished.

Grand Total: 2196 creatures vanquished

Notes
Turn   | Place    | Note
-------+----------+-------------------------------------------
     0 | D:1      | ParallaxScroll the Octopode Alchemist began the quest for
                  | the Orb.
     0 | D:1      | Reached XP level 1. HP: 11/11 MP: 3/3
   323 | D:1      | Reached XP level 2. HP: 18/18 MP: 1/5
   534 | D:1      | Reached skill level 1 in Fighting
   771 | D:1      | Reached XP level 3. HP: 23/23 MP: 4/6
  1406 | D:2      | Learned a level 2 spell: Mercury Vapours
  1425 | D:2      | Found a faded altar of an unknown god.
  1456 | D:2      | Prayed at the altar of an unknown god.
  1456 | D:2      | Became a worshipper of Ignis, the Dying Flame
  1552 | D:2      | Found Joij's One-of-a-Kind Rings.
  1696 | D:2      | Found a white marble altar of Elyvilon.
  1847 | D:2      | Reached skill level 1 in Air Magic
  2206 | D:2      | Reached XP level 4. HP: 28/28 MP: 5/7
  2567 | D:2      | Found a white marble altar of Elyvilon.
  2613 | D:2      | Found Joij's One-of-a-Kind Rings.
  2767 | D:2      | Found a candlelit altar of Ignis.
  3723 | D:3      | Reached XP level 5. HP: 27/33 MP: 8/8
  3781 | D:3      | Found a transporter.
  3784 | D:3      | Found a transporter.
  3785 | D:3      | Noticed an ogre
  3785 | D:3      | Noticed JohnnyKeats's ghost (amateur OpBr)
  3787 | D:3      | Noticed an ogre
  3847 | D:3      | Found a glowing drain.
  3866 | Sewer    | Entered a sewer
  4439 | Sewer    | Reached skill level 2 in Fighting
  4823 | D:3      | Found a faded altar of an unknown god.
  4850 | D:3      | Found a sparkling altar of Nemelex Xobeh.
  4951 | D:3      | Noticed a phantom
  4960 | D:3      | Killed a phantom
  4961 | D:3      | Reached XP level 6. HP: 14/39 MP: 5/9
  4965 | D:3      | Learned a level 3 spell: Mephitic Cloud
  5270 | D:4      | Found a staircase to the Ecumenical Temple.
  5458 | D:4      | Found an iron altar of Okawaru.
  5459 | D:4      | Found a glowing silver altar of Zin.
  5530 | D:4      | Found Oqushrimu's Distillery.
  5718 | D:4      | Reached XP level 7. HP: 45/45 MP: 6/10
  5762 | D:4      | Found Hirubis's Antique Armour Shoppe.
  5878 | D:4      | Found the +7 great mace "Undeadhunter" {deathbane, rN+}
  5997 | D:4      | Reached skill level 3 in Fighting
  6051 | D:4      | Found Dabit's Jewellery Emporium.
  6083 | D:4      | Reached skill level 1 in Maces & Flails
  6225 | D:5      | Entered Level 5 of the Dungeon
  6225 | D:5      | Noticed Blork the orc
  6230 | D:5      | Killed Blork the orc
  6231 | D:5      | Reached skill level 5 in Alchemy
  6672 | D:5      | Reached XP level 8. HP: 47/52 MP: 7/11
  6833 | D:5      | Noticed Edmund
  6843 | D:5      | Killed Edmund
  7011 | D:6      | Noticed Grinder
  7025 | D:6      | Killed Grinder
  7026 | D:6      | Reached skill level 5 in Maces & Flails
  7679 | D:6      | Reached skill level 4 in Fighting
  8247 | D:6      | Reached XP level 9. HP: 55/58 MP: 8/12
  8252 | D:6      | Learned a level 4 spell: Olgreb's Toxic Radiance
  8468 | D:6      | Reached skill level 1 in Evocations
  8545 | D:7      | Found a blossoming altar of Fedhas.
  8887 | D:7      | Found a flagged portal.
  8919 | Bailey   | Entered a bailey
  9000 | Bailey   | Reached skill level 5 in Fighting
  9143 | Bailey   | Noticed an orc high priest
  9351 | Bailey   | Noticed an orc knight
 10370 | D:7      | Reached XP level 10. HP: 66/66 MP: 8/13
 10742 | D:8      | Found a staircase to the Lair.
 11472 | D:8      | Identified the +6 sling of the Scroll {speed, rF+}
 11532 | D:8      | Reached skill level 5 in Dodging
 11962 | D:8      | Noticed Pikel
 11973 | D:8      | Killed Pikel
 11974 | D:8      | Reached skill level 6 in Fighting
 12118 | D:8      | Found a basalt altar of Yredelemnul.
 12554 | D:9      | Found a hazy altar of Hepliaklqana.
 12661 | D:9      | Reached XP level 11. HP: 46/72 MP: 12/15
 13055 | D:9      | Reached skill level 10 in Maces & Flails
 13626 | D:9      | Reached skill level 1 in Necromancy
 13892 | D:2      | Bought the ring "Zecium" {rPois rCorr Dex+8 Stlth-} for 589
                  | gold pieces
 14041 | D:9      | Noticed a two-headed ogre
 14048 | D:9      | Killed a two-headed ogre
 14315 | D:9      | Found a glowing golden altar of the Shining One.
 14339 | D:9      | Found a shimmering altar of Xom.
 14479 | D:9      | Reached skill level 5 in Necromancy
 14504 | D:9      | Learned a level 3 spell: Vampiric Draining
 14516 | D:9      | Reached skill level 7 in Fighting
 15235 | D:9      | Found a hazy altar of Hepliaklqana.
 15373 | D:9      | Found a shimmering altar of Xom.
 15435 | D:9      | Found a glowing golden altar of the Shining One.
 15627 | D:9      | Upgraded the game from 0.31-a0-1321-g5021b54cb2 to
                  | 0.31-a0-1338-gb567cfdca4
 15671 | D:10     | Entered Level 10 of the Dungeon
 16361 | D:10     | Noticed a sixfirhy
 16557 | D:10     | Noticed an orc knight
 16571 | D:10     | Killed an orc knight
 16572 | D:10     | Reached XP level 12. HP: 22/81 MP: 9/16
 16755 | D:10     | Reached skill level 1 in Fire Magic
 16774 | D:10     | Learned a level 4 spell: Sticky Flame
 16973 | D:10     | Found a sacrificial altar of Ru.
 17214 | D:11     | Found a shadowy altar of Dithmenos.
 17261 | D:11     | Noticed a two-headed ogre
 17269 | D:11     | Killed a two-headed ogre
 17891 | D:11     | Noticed a two-headed ogre
 17902 | D:11     | Killed a two-headed ogre
 17996 | D:11     | Reached skill level 8 in Fighting
 18187 | D:11     | Found a shadowy altar of Dithmenos.
 18690 | Lair:1   | Entered Level 1 of the Lair of Beasts
 18784 | Lair:1   | Found a gate leading to a gauntlet.
 18813 | Gauntlet | Entered a Gauntlet
 18813 | Gauntlet | Found a transporter.
 18813 | Gauntlet | Found a transporter.
 18818 | Gauntlet | Found a transporter.
 18833 | Gauntlet | Found a transporter.
 18847 | Gauntlet | Found a transporter.
 18860 | Gauntlet | Found a transporter.
 18944 | Gauntlet | Noticed a death scarab
 18950 | Gauntlet | Found a transporter.
 18964 | Gauntlet | Found a transporter.
 18966 | Gauntlet | Found a large runed translucent door.
 18966 | Gauntlet | Found a large runed translucent door.
 18967 | Gauntlet | Found a large runed translucent door.
 18967 | Gauntlet | Found a large runed translucent door.
 18968 | Gauntlet | Found a runed translucent door.
 18968 | Gauntlet | Found a large runed translucent door.
 18968 | Gauntlet | Found a large runed translucent door.
 18968 | Gauntlet | Found a runed translucent door.
 18968 | Gauntlet | Found a large runed translucent door.
 18968 | Gauntlet | Found a large runed translucent door.
 18969 | Gauntlet | Found a large runed translucent door.
 18969 | Gauntlet | Found a large runed translucent door.
 18972 | Gauntlet | Found a large runed translucent door.
 18972 | Gauntlet | Found a large runed translucent door.
 18974 | Gauntlet | Found a large runed translucent door.
 18974 | Gauntlet | Found a large runed translucent door.
 18974 | Gauntlet | Found a large runed translucent door.
 18976 | Gauntlet | Found a runed translucent gate.
 18976 | Gauntlet | Found a runed translucent gate.
 18976 | Gauntlet | Found a runed translucent gate.
 18978 | Gauntlet | Found a transporter.
 18989 | Gauntlet | Found a large runed translucent door.
 18991 | Gauntlet | Found a transporter.
 18994 | Gauntlet | Found a transporter.
 19010 | Gauntlet | Found a transporter.
 19079 | Gauntlet | Found a transporter.
 19099 | Gauntlet | Found a transporter.
 19101 | Gauntlet | Found a transporter.
 19123 | Gauntlet | Found a transporter.
 19306 | Gauntlet | Identified the ring of Sazoll {rPois Int+5}
 19401 | Gauntlet | Identified the +0 hat of the Bells {rC+ Dex+2}
 19427 | Gauntlet | Found the +2 pair of slick slippers {slick, slippery, EV+4}
 19427 | Gauntlet | Noticed a minotaur
 19434 | Gauntlet | Killed a minotaur
 19674 | Lair:1   | Reached skill level 9 in Fighting
 19806 | Lair:1   | Reached skill level 5 in Fire Magic
 19995 | Lair:1   | Identified the +0 mace "Himanwu" {flame, rElec rC- Str+5}
 20274 | Lair:1   | Learned a level 2 spell: Blink
 20335 | Lair:1   | Reached skill level 1 in Translocations
 20343 | Lair:1   | Reached XP level 13. HP: 77/90 MP: 2/17
 21092 | D:2      | Bought a +3 ring of protection for 231 gold pieces
 21742 | Lair:2   | Identified the +6 hand axe of Bodily Harmony {holy, Int+6}
 21789 | Lair:2   | Reached skill level 1 in Axes
 21869 | Lair:1   | Reached skill level 1 in Throwing
 22956 | Lair:2   | Reached skill level 10 in Fighting
 23025 | Lair:2   | Noticed a dire elephant
 23280 | Lair:2   | Reached skill level 5 in Axes
 23484 | Lair:3   | Found a hole to the Spider Nest.
 24796 | D:4      | Bought a potion of resistance for 100 gold pieces
 25559 | Lair:4   | Reached XP level 14. HP: 99/99 MP: 15/20
 25770 | Lair:4   | Reached skill level 5 in Conjurations
 26509 | Lair:4   | Identified a scroll of acquirement
 26510 | Lair:4   | Acquired the amulet of Axtoitryed {Reflect rF+ Int-3 Slay+6
                  | SH+5}
 26746 | Lair:5   | Entered Level 5 of the Lair of Beasts
 27413 | Lair:5   | Found a viscous altar of Jiyva.
 27430 | Lair:5   | Reached skill level 10 in Axes
 27683 | Lair:5   | Found a staircase to the Slime Pits.
 29895 | Lair:5   | Reached skill level 10 in Dodging
 30265 | Lair:2   | Killed a dire elephant
 30266 | Lair:2   | Reached skill level 1 in Hexes
 30684 | Lair:2   | Found a staircase to the Shoals.
 31578 | Lair:2   | Found a staircase to the Shoals.
 31644 | Lair:2   | Learned a level 5 spell: Yara's Violent Unravelling
 32036 | D:4      | Bought a ring of see invisible for 150 gold pieces
 32189 | D:12     | Reached XP level 15. HP: 93/103 MP: 11/21
 32414 | D:12     | Identified the ring "Ibbaiqyc" {EV+5 Str-5 Int+9}
 32523 | D:12     | Found a staircase to the Orcish Mines.
 33306 | D:12     | Found a staircase to the Orcish Mines.
 33934 | D:13     | Found Ytoch's Antique Armour Shop.
 34832 | D:13     | Reached skill level 5 in Hexes
 34833 | D:13     | Noticed Azrael
 34843 | D:13     | Killed Azrael
 34844 | D:13     | Reached skill level 5 in Spellcasting
 35285 | Orc:1    | Entered Level 1 of the Orcish Mines
 35555 | D:3      | Killed JohnnyKeats's ghost
 36335 | Orc:1    | Noticed Maurice
 36340 | Orc:1    | Killed Maurice
 36452 | Orc:1    | Reached skill level 11 in Fighting
 36878 | D:2      | Bought the ring "Jeacsa" {Will+ EV+2 Int-2 Dex+3} for 227
                  | gold pieces
 37564 | Orc:1    | Noticed a frost giant
 37576 | Orc:1    | Killed a frost giant
 37667 | Orc:1    | Identified the +1 flail "Nyfakem" {heavy, Will+ Int+2}
 37668 | Orc:1    | Identified the +0 chain mail of the Monkey's Uncle {rF+
                  | Int+5}
 37679 | Orc:1    | Found the +10 morningstar "Eos" {elec, Halo rElec}
 37681 | Orc:1    | Identified the +6 morningstar of Verdant Optimality {vamp,
                  | *Noise rElec Int+5 SInv}
 37688 | Orc:1    | Identified the +1 morningstar "Worm" {freeze, rCorr}
 37847 | Orc:2    | Entered Level 2 of the Orcish Mines
 38072 | Orc:1    | Learned a level 2 spell: Lesser Beckoning
 38406 | Orc:2    | Found a staircase to the Elven Halls.
 40481 | Orc:2    | Found Jocuwao's Antique Armour Shoppe.
 40484 | Orc:2    | Found Jofin's Assorted Antiques.
 40485 | Orc:2    | Found Tikh's Antique Armour Shoppe.
 40486 | Orc:2    | Found Xankischuwu's Jewellery Shoppe.
 40776 | D:4      | Bought 2 potions of invisibility for 160 gold pieces
 41237 | D:13     | Reached XP level 16. HP: 112/112 MP: 15/23
 41476 | D:13     | Found a gate to the Vaults.
 41671 | D:14     | Identified the +3 rapier "Keqel" {flame, rN+ Int+2 Stlth+}
 41713 | D:14     | Reached skill level 1 in Shields
 42560 | D:15     | Entered Level 15 of the Dungeon
 43037 | D:15     | Reached skill level 5 in Shields
 44216 | D:15     | Found a staircase to the Depths.
 44475 | Shoals:1 | Entered Level 1 of the Shoals
 44475 | Shoals:1 | Identified the serpent talisman of the Blizzard {rElec
                  | Will- Dex+3}
 44475 | Shoals:1 | Noticed Aizul
 44839 | Spider:1 | Entered Level 1 of the Spider Nest
 45493 | Spider:1 | Reached skill level 5 in Evocations
 46001 | Spider:1 | Noticed Louise
 46012 | Spider:1 | Killed Louise
 47032 | Spider:2 | You fall into a shaft and drop 1 floor!
 47032 | Spider:3 | Noticed Roxanne
 47032 | Spider:3 | Noticed Nikola
 47342 | Spider:2 | Identified the +5 scale mail of Viomeklu {rCorr Int+3}
 47505 | Spider:2 | Reached XP level 17. HP: 119/119 MP: 20/24
 47625 | Spider:2 | Reached skill level 12 in Fighting
 49533 | Shoals:1 | Killed Aizul
 49534 | Shoals:1 | Reached skill level 13 in Fighting
 50174 | Shoals:1 | Reached skill level 10 in Shields
 50665 | Shoals:1 | Noticed Josephine
 50673 | Shoals:1 | Killed Josephine
 50720 | Shoals:1 | Got the Encyclopedia of Venomous Immolation
 50770 | Shoals:1 | Noticed Kirke
 50779 | Shoals:1 | Killed Kirke
 51839 | Shoals:2 | Found Pyir's Magic Scroll Boutique.
 51840 | Shoals:2 | Noticed Frances
 51848 | Shoals:2 | Killed Frances
 52179 | Shoals:2 | Noticed Polyphemus
 52989 | Shoals:2 | Found Pyir's Magic Scroll Boutique.
 53117 | Shoals:2 | Killed Polyphemus
 53118 | Shoals:2 | Reached XP level 18. HP: 98/128 MP: 19/25
 53853 | D:2      | Bought the ring of Dogma {^Drain rElec rC+ Int+4 Dex+6} for
                  | 657 gold pieces
 55086 | Shoals:3 | Reached skill level 14 in Fighting
 55979 | Shoals:4 | Entered Level 4 of the Shoals
 56780 | Shoals:4 | Reached skill level 15 in Fighting
 57286 | Shoals:4 | Found the +0 pair of fencer's gloves {Riposte Dex+3}
 57586 | Shoals:4 | Found a glowing silver altar of Zin.
 57731 | Shoals:4 | Found a glowing golden altar of the Shining One.
 57871 | Shoals:4 | Got the Enchiridion on Breath and the Tektite
 58170 | Shoals:4 | Identified the +1 scale mail of Impatience {rN+ Int+2 SInv}
 58398 | Shoals:4 | Got a barnacled rune of Zot
 58519 | Shoals:4 | Found a white marble altar of Elyvilon.
 59292 | Orc:2    | Bought a ring of positive energy for 300 gold pieces
 59639 | Spider:3 | Killed Nikola
 60071 | Spider:3 | Noticed Mara
 60079 | Spider:3 | Killed Mara
 60181 | Spider:3 | Reached XP level 19. HP: 139/139 MP: 23/26
 60536 | Spider:4 | Entered Level 4 of the Spider Nest
 60582 | Spider:3 | Learned a level 5 spell: Fireball
 62173 | Spider:3 | Noticed Arachne
 62182 | Spider:3 | Killed Arachne
 64877 | Spider:4 | Reached skill level 10 in Conjurations
 65095 | Spider:4 | Got a gossamer rune of Zot
 65599 | D:4      | Bought a ring of willpower for 250 gold pieces
 65776 | Vaults:1 | Entered Level 1 of the Vaults
 66747 | Vaults:1 | Found a portal to a secret trove of treasure.
 67935 | Vaults:1 | Reached XP level 20. HP: 145/145 MP: 17/27
 69231 | Vaults:2 | Reached skill level 10 in Fire Magic
 69260 | Vaults:2 | Found a staircase to the Crypt.
 69260 | Vaults:2 | Found a basalt altar of Yredelemnul.
 69260 | Vaults:2 | Found an ancient bone altar of Kikubaaqudgha.
 69427 | Vaults:2 | Noticed Frederick
 69460 | Vaults:2 | Killed Frederick
 70967 | Vaults:3 | Found Asud's Jewellery Shop.
 71070 | Vaults:2 | Learned a level 6 spell: Starburst
 71824 | Vaults:3 | Reached XP level 21. HP: 151/151 MP: 12/33
 72177 | Vaults:3 | Paralysed by a formless jellyfish for 1 turns
 75738 | Elf:1    | Entered Level 1 of the Elven Halls
 76358 | Elf:1    | Found Firi Roi's Neck Hole.
 76431 | Elf:1    | Found Quhir's Armour Boutique.
 76681 | Elf:1    | Reached skill level 10 in Spellcasting
 77573 | Elf:2    | Learned a level 7 spell: Orb of Destruction
 77873 | Elf:2    | Reached skill level 15 in Conjurations
 77916 | Elf:2    | Noticed Agnes
 77922 | Elf:2    | Killed Agnes
 78055 | Elf:2    | Found a huge runed translucent gate.
 78055 | Elf:2    | Found a huge runed translucent gate.
 78075 | Elf:2    | Found a huge runed translucent gate.
 78075 | Elf:2    | Found a huge runed translucent gate.
 78078 | Elf:2    | Found a huge runed translucent gate.
 78078 | Elf:2    | Found a huge runed translucent gate.
 78078 | Elf:2    | Found a huge runed translucent gate.
 78079 | Elf:2    | Found a huge runed translucent gate.
 78079 | Elf:2    | Found a huge runed translucent gate.
 78079 | Elf:2    | Found a huge runed translucent gate.
 78079 | Elf:2    | Found a huge runed translucent gate.
 78080 | Elf:2    | Found a huge runed translucent gate.
 78080 | Elf:2    | Found a huge runed translucent gate.
 78080 | Elf:2    | Found a huge runed translucent gate.
 78080 | Elf:2    | Found a huge runed translucent gate.
 78080 | Elf:2    | Found a huge runed translucent gate.
 78080 | Elf:2    | Found a huge runed translucent gate.
 78080 | Elf:2    | Found a huge runed translucent gate.
 78080 | Elf:2    | Found a huge runed translucent gate.
 78081 | Elf:2    | Found a huge runed translucent gate.
 78238 | Elf:2    | Found a huge runed translucent gate.
 78238 | Elf:2    | Found a huge runed translucent gate.
 78238 | Elf:2    | Found a huge runed translucent gate.
 78238 | Elf:2    | Found a huge runed translucent gate.
 78238 | Elf:2    | Found a huge runed translucent gate.
 78848 | Elf:3    | Entered Level 3 of the Elven Halls
 78848 | Elf:3    | Found Hepnanuj's Magic Scroll Shop.
 79381 | Elf:3    | Reached XP level 22. HP: 157/157 MP: 37/37
 80083 | Elf:3    | Identified the +6 war axe "Hautuiv" {flame, ^Drain Will+
                  | SInv}
 80554 | Elf:3    | Identified the +5 falchion of Trial by Ordeal {freeze,
                  | Dex+3}
 80627 | Elf:3    | Identified the +7 mace of Valiance {heavy, Will- rCorr}
 80678 | Elf:3    | Found Hepnanuj's Magic Scroll Shop.
 81010 | Elf:3    | Identified the +3 leather armour of Reosmel {rElec rPois
                  | rF++ Str-5}
 82033 | Elf:3    | Got the Catalogue of the Flammable Blizzard
 82523 | Elf:3    | Found Hepnanuj's Magic Scroll Shop.
 82741 | Elf:3    | Upgraded the game from 0.31-a0-1338-gb567cfdca4 to
                  | 0.31-a0-1370-gf52a5a9ab3
 83660 | Depths:1 | Entered Level 1 of the Depths
 83716 | Depths:1 | Noticed Saint Roka
 84486 | D:15     | Found a staircase to the Depths.
 84498 | D:15     | Killed Saint Roka
 85466 | Depths:1 | Found a stormy altar of Qazlal.
 85701 | D:15     | Reached skill level 16 in Fighting
 86623 | Depths:1 | Reached skill level 17 in Fighting
 86842 | Depths:1 | Noticed a golden dragon
 86851 | Depths:1 | Killed a golden dragon
 87421 | Depths:1 | Found a runed translucent gate.
 87422 | Depths:1 | Found a runed translucent gate.
 87422 | Depths:1 | Noticed Gozikhly's ghost (adept DgIE)
 87423 | Depths:1 | Found a runed translucent gate.
 87425 | Depths:1 | You fall into a shaft and drop 1 floor!
 87725 | Depths:2 | Reached skill level 18 in Fighting
 87801 | Depths:2 | Found a gateway to Hell.
 88407 | Depths:2 | Found a one-way gate leading to the halls of Pandemonium.
 88549 | Depths:2 | Reached skill level 19 in Fighting
 88826 | Depths:1 | Reached XP level 23. HP: 174/174 MP: 26/38
 88908 | Depths:1 | Found a basalt altar of Yredelemnul.
 90123 | Depths:2 | Reached skill level 10 in Evocations
 90517 | Depths:2 | Found a one-way gate to the infinite horrors of the Abyss.
 90611 | Depths:2 | Noticed a juggernaut
 90622 | Depths:2 | Killed a juggernaut
 90745 | Depths:2 | Noticed a juggernaut
 90760 | Depths:2 | Killed a juggernaut
 91001 | Depths:2 | Noticed a golden dragon
 91010 | Depths:2 | Killed a golden dragon
 91158 | Depths:2 | Noticed a golden dragon
 91171 | Depths:2 | Killed a golden dragon
 91703 | Depths:2 | Found a one-way gate leading to the halls of Pandemonium.
 91889 | Depths:2 | Found a one-way gate to the infinite horrors of the Abyss.
 94789 | Depths:2 | Learned a level 4 spell: Passage of Golubria
 95223 | Depths:3 | Noticed a golden dragon
 95239 | Depths:3 | Killed a golden dragon
 95240 | Depths:3 | Reached skill level 5 in Translocations
 95767 | Depths:3 | Found Distusk's Armour Boutique.
 96159 | Depths:3 | Found an ornate altar of the Wu Jian Council.
 96672 | Depths:3 | Found Distusk's Armour Boutique.
 96979 | Depths:3 | Found an ornate altar of the Wu Jian Council.
 97397 | Depths:4 | Entered Level 4 of the Depths
 97410 | Depths:4 | Noticed Vv
 97551 | Depths:4 | Reached skill level 20 in Fighting
 97578 | Depths:4 | Found Efeonekk's Antique Armour Boutique.
 97745 | Depths:4 | Reached XP level 24. HP: 182/183 MP: 34/39
 97781 | Depths:4 | Found a corrupted altar of Lugonu.
 98236 | Depths:4 | Reached skill level 15 in Dodging
 98398 | Depths:4 | Found a one-way gateway to a ziggurat.
 98886 | Depths:4 | Found a gate to the Realm of Zot.
 99994 | Depths:4 | Learned a level 2 spell: Passwall
100067 | Depths:4 | Killed Vv
100331 | Depths:4 | Noticed Xtahua
100342 | Depths:4 | Killed Xtahua
100640 | Depths:4 | Found a gate to the Realm of Zot.
100953 | Depths:4 | Found Efeonekk's Antique Armour Boutique.
100987 | Depths:4 | Found a corrupted altar of Lugonu.
101012 | Depths:4 | Found a one-way gateway to a ziggurat.
101604 | Vaults:5 | Entered Level 5 of the Vaults
101705 | Vaults:5 | HP: 8/183 [vault warden/+5 vampiric war axe (34)]
102137 | Vaults:5 | Noticed an ancient lich
102156 | Vaults:5 | Killed an ancient lich
102900 | Orc:2    | Bought a +4 ring of protection for 540 gold pieces
103569 | Vaults:4 | Reached skill level 21 in Fighting
103681 | Vaults:5 | Identified the +6 battleaxe "Basmudeh" {flame, Will++ Int-3
                  | SInv Stlth+}
104097 | Vaults:5 | Noticed a dread lich
104205 | Vaults:4 | Killed a dread lich
105200 | Vaults:4 | Identified the +9 plate armour of Generosity {*Corrode
                  | rElec Regen+ Stlth+}
106376 | Vaults:5 | Noticed a dread lich
106389 | Vaults:4 | Killed a dread lich
106420 | Vaults:5 | Identified the +0 ring mail of Protective Custody {Int+2
                  | Slay+4}
106812 | Vaults:4 | Reached XP level 25. HP: 191/192 MP: 36/39
107603 | Vaults:5 | Noticed Boris
108726 | Vaults:4 | Killed Boris
109081 | Vaults:4 | Reached skill level 22 in Fighting
109296 | Vaults:5 | Identified the +10 sling of the Median {heavy, rN+ Int+3}
110212 | Vaults:5 | Found the +2 hood of the Assassin {Detect Stab+ Stlth++}
111175 | Vaults:5 | Got a silver rune of Zot
113250 | Crypt:1  | Entered Level 1 of the Crypt
113623 | Crypt:1  | Reached skill level 1 in Earth Magic
114722 | Crypt:1  | Reached skill level 5 in Earth Magic
118599 | Crypt:2  | Noticed Donald
118907 | Elf:3    | Bought a scroll of revelation for 142 gold pieces
120540 | Zot:1    | Entered Level 1 of the Realm of Zot
121001 | Orc:2    | Bought a potion of cancellation for 272 gold pieces
121001 | Orc:2    | Bought a wand of acid (3) for 428 gold pieces
121318 | Shoals:2 | Bought a scroll of summoning for 104 gold pieces
121318 | Shoals:2 | Bought a scroll of summoning for 104 gold pieces
121318 | Shoals:2 | Bought a scroll of fog for 44 gold pieces
121475 | D:4      | Bought a potion of ambrosia for 80 gold pieces
121475 | D:4      | Bought a potion of ambrosia for 80 gold pieces
121475 | D:4      | Bought a potion of heal wounds for 50 gold pieces
121475 | D:4      | Bought a potion of cancellation for 80 gold pieces
121475 | D:4      | Bought 2 potions of heal wounds for 100 gold pieces
121877 | Zot:2    | Learned a level 3 spell: Fugue of the Fallen
122708 | Zot:2    | Found a runed translucent door.
122708 | Zot:2    | Found a shimmering altar of Xom.
122708 | Zot:2    | Noticed Vaid's ghost (master GnFi)
123683 | Zot:3    | Reached XP level 26. HP: 203/203 MP: 33/40
124456 | Zot:3    | Noticed Grunn
124465 | Zot:3    | Killed Grunn
124667 | Zot:5    | Entered Level 5 of the Realm of Zot
125025 | Zot:4    | Noticed an orb of fire
125040 | Zot:4    | Killed an orb of fire
125570 | Zot:5    | Noticed a dread lich
125686 | Zot:5    | Killed a dread lich
125793 | Zot:5    | Reached skill level 5 in Throwing
126014 | Zot:5    | Noticed a dread lich
126026 | Zot:5    | Noticed a dread lich
126031 | Zot:5    | Killed a dread lich
126047 | Zot:5    | Killed a dread lich
126155 | Zot:5    | Noticed an orb of fire
126297 | Zot:5    | Gained mutation: You occasionally shout uncontrollably at
                  | your foes. [an orb of fire]
126303 | Zot:5    | Gained mutation: You are frail. (-10% HP) [an orb of fire]
126308 | Zot:5    | Gained mutation: You sometimes lose your temper in combat.
                  | [an orb of fire]
126311 | Zot:5    | Killed an orb of fire
126394 | Zot:4    | Lost mutation: You sometimes lose your temper in combat.
                  | [potion of mutation]
126394 | Zot:4    | Lost mutation: You occasionally shout uncontrollably at
                  | your foes. [potion of mutation]
126394 | Zot:4    | Lost mutation: You are frail. (-10% HP) [potion of
                  | mutation]
126394 | Zot:4    | Gained mutation: Your mind is acute. (Int +4, Str/Dex -1)
                  | [potion of mutation]
126394 | Zot:4    | Gained mutation: Your flesh is heat resistant. (rF+)
                  | [potion of mutation]
126457 | Zot:5    | Noticed a Killer Klown
126584 | Zot:5    | Noticed a dread lich
126597 | Zot:5    | Killed a dread lich
126903 | Zot:5    | Killed a Killer Klown
128190 | Zot:5    | Reached skill level 10 in Throwing
128745 | Zot:5    | Got the Orb of Zot
128994 | Depths:2 | Noticed a seraph
129158 | D:12     | Noticed Faesuts the pandemonium lord
129391 | D:$      | Escaped with the Orb!

Illustrated notes

Levels and vault maps discovered:
D:1:      minmay_arrival_up_and_down, layout_loops_ring, hex_tiny,
          nicolae_the_louvre
D:2:      layout_basic, dreamdust_ecumenical_altar_grove, basic_altar,
          nicolae_shop_unique_rings, st_stairs_6, serial_bayou_lagoon_a,
          grunt_ministairs_2
D:3:      layout_rooms, nicolae_overflow_ecumenical_swirl,
          gammafunk_ghost_smash, portal_sewer_entry_a
D:4:      layout_gridville, nicolae_overflow_two_pavilions,
          minmay_temple_entry_glass, serial_shops, nicolae_shop_gaudy_bauble,
          nicolae_shop_trees, nicolae_shop_tiny_waterfront
D:5:      layout_basic, uniq_blork_the_orc, uniq_edmund
D:6:      layout_gridville, uniq_grinder
D:7:      layout_rooms, fedhas_bush_and_centaur_altar, enter_bailey_5
D:8:      layout_cave_pools, nicolae_yredelemnul_corpse_copse, lair_entry_dummy,
          uniq_pikel
D:9:      kb_forest_paths, layout_irregular_city,
          nicolae_hepliaklqana_hippocampus, mainiacjoe_overflow_alcove_1,
          kennysheep_mini, corexii_leaking_fountain
D:10:     layout_rooms, minmay_ruined_shrine
D:11:     layout_loops_ring, nicolae_dithmenos_the_darkroom
D:12:     layout_long_grid, orc_0_dummy
D:13:     layout_cave_pods, ximxim_vaults_locker_room, nicolae_stop_n_shop_1,
          uniq_azrael
D:14:     layout_gridville, chequers_serial_rivers_micro_c
D:15:     gammafunk_enter_depths_forms, layout_loops_corners,
          chequers_serial_rivers_small_b, minmay_misc_feat_roman
Lair:1:   layout_big_grid, portal_ice_cave_entry_pillars_1,
          gauntlet_entry_generic, nicolae_lair_grazing_beasts
          [nicolae_sub_lair_graze_edge, nicolae_sub_lair_graze_edge,
          nicolae_sub_lair_graze_edge, nicolae_sub_lair_graze_edge]
Lair:2:   layout_gridlike, nicolae_shoals_entry_flooding,
          nicolae_lair_lakeside_cave, grunt_megastairs_3
Lair:3:   layout_cave_pods, nicolae_spider_entry_orb_guardian,
          infiniplex_staircase_pool_2
Lair:4:   layout_cave_pods
Lair:5:   evilmike_catoblepas_cave, layout_regular_city,
          minmay_slime_entry_jelly_boxes, grunt_megastairs_2,
          lemuel_fruit_fields
Shoals:1: layout_shoals, nicolae_shoals_water_shrine, uniq_josephine,
          uniq_kirke, uniq_aizul
Shoals:2: layout_shoals, serial_shops, shop, uniq_polyphemus, uniq_frances
Shoals:3: layout_shoals, nicolae_shoals_goliath_grotto
Shoals:4: shoals_end_hellmonk_holy_island
Spider:1: layout_chambers, uniq_louise
Spider:2: layout_spider_delve
Spider:3: layout_spider_delve, nicolae_spider_some_kinda_spiderbox,
          uniq_arachne, uniq_mara, uniq_roxanne, uniq_nikola
Spider:4: grunt_spider_rune_circles
Orc:1:    giant_chief_lemuel, layout_caves, uniq_maurice
Orc:2:    st_orc_pillars, layout_diamond_mine, nicolae_orc_crystal_geode
Elf:1:    layout_loops_corners, serial_shops, shop,
          nicolae_elf_blasts_and_bolts, nicolae_shop_sticking_my_neck_out
Elf:2:    elven_hall_of_blades_hangedman_alternative [nicolae_blade_tridents],
          layout_geoelf_grid, minivault_5, hangedman_elf_represent, uniq_agnes
Elf:3:    grunt_elf_hall_spiral, layout_loops_corners, serial_shops,
          nicolae_shop_tiny_glass
Vaults:1: v_misc_1, nicolae_vaults_network_s, nicolae_vaults_sightless_eye,
          hangedman_vaults_restitches, hangedman_vaults_cutoff,
          ontoclasm_vaults_shuriken, vaults_room_pool,
          nicolae_vaults_little_squares_2, nicolae_vaults_little_squares_4,
          ontoclasm_vaults_decontamination, layout_vaults_quadrants,
          enter_trove_0
Vaults:2: nicolae_vaults_house_2, grunt_vaults_diagonal,
          nicolae_vaults_double_plus_3, vaults_room_grid, vaults_room_corners,
          st_octagons_1, nicolae_vaults_storage_room_doors,
          minmay_crypt_entry_necro_gods, v_misc_29, ontoclasm_vaults_twist,
          nicolae_vaults_apartment_1, v_misc_22, v_alt_pattern_4,
          nicolae_vaults_wine_cellar, nicolae_vaults_what_the_h,
          layout_vaults_maze_bifur, uniq_frederick
Vaults:3: v_misc_9, nicolae_vaults_network_star, nicolae_vaults_tetromino_Z_2,
          nicolae_vaults_tetromino_Z_1, nicolae_vaults_offset_grid_hallway_2,
          nicolae_vaults_little_squares_6, nicolae_vaults_security_offices_1,
          nicolae_vaults_tetromino_T_1, vaults_dpeg_ring,
          hangedman_vaults_pinch, hangedman_vaults_cutoff,
          dpeg_vaults_monster_box, layout_vaults_chaotic_city, serial_shops,
          shop
Vaults:4: v_rooms_6, v_misc_1, hangedman_vaults_river_flow, v_alt_pattern_3,
          v_pattern_2, nicolae_vaults_little_squares_2,
          nicolae_vaults_ellipses_ellipsis, hangedman_vaults_restitches,
          nicolae_vaults_house_1, nicolae_vaults_trapezoid_2, v_misc_13,
          layout_vaults_omnibox, serial_glass
Vaults:5: uniq_boris
Crypt:1:  layout_chaotic_city, grunt_megastairs_4
Crypt:2:  layout_chaotic_city, feat_on_display, uniq_donald
Depths:1: kennysheep_room_grid, layout_cross, abandoned_shop, hellmouth_1,
          hellmonk_ghost_time_enough, lemuel_statue_altar,
          nicolae_qazlal_style_of_elements, uniq_saint_roka
Depths:2: minmay_two_paths, layout_cave_pools, roderic_serpentine_path,
          pan_entry, hell_entry, hangedman_abyss_entry_splay,
          hangedman_stitches_earthworm, infiniplex_staircase_zigzag_2
Depths:3: hangedman_cross_cluster, layout_gridlike, hell_entry,
          abyss_entry_crystal, pan_entry, nicolae_wu_jian_immortal_techniques,
          serial_shops, shop
Depths:4: grunt_crosshair, layout_gridlike, enter_ziggurat_d, serial_shops,
          nicolae_shop_pleasant_corner_grove, abandoned_shop, serial_curves,
          eino_curves_02, eino_curves_03, pf_hell_entry_great_geh,
          abyss_entry_flame_altar, uniq_vv, uniq_xtahua
Zot:1:    layout_twisted_circle
Zot:2:    layout_basic, ebering_ghost_xom, regret_index_zotdec_slimy_original,
          hangedman_zot_decor_slant, st_large_dragon_hoard_3
Zot:3:    layout_cathedral_of_symmetry, regret_index_zotdec_serpentine_coiled,
          st_stairs_5, uniq_grunn
Zot:4:    layout_misc_corridors
Zot:5:    layout_twisted_circle

Skill      XL: |  1  2  3  4  5  6  7  8  9 10 11 12 13 14 15 16 17 18 19 20 21 22 23 24 25 26 |
---------------+-------------------------------------------------------------------------------+-----
Stealth        | 3 |  3.0
Fighting       | 1 2 3 4 5 6 7 9 10 11 13 15 19 20 21 22 | 22.9
Conjurations   | 2 4 5 7 11 13 15 17 18 19 | 19.0
Alchemy        | 4 5 6 8 9 |  9.0
Air Magic      | 1 3 4 |  4.0
Maces & Flails | 4 6 7 9 11 12 14 | 14.3
Dodging        | 4 6 7 8 9 10 11 12 14 18 | 18.0
Evocations     | 2 3 4 7 8 9 12 13 | 13.0
Spellcasting   | 3 4 5 8 11 12 13 | 13.2
Necromancy     | 5 |  5.1
Fire Magic     | 5 6 8 11 | 11.0
Translocations | 2 3 4 6 |  6.0
Axes           | 7 11 | 11.7
Throwing       | 2 10 | 10.0
Hexes          | 3 5 7 |  7.0
Shields        | 8 12 | 12.8
Earth Magic    | 7 |  7.8

Action                     |  1- 3 |  4- 6 |  7- 9 | 10-12 | 13-15 | 16-18 | 19-21 | 22-24 | 25-27 || total
---------------------------+-------+-------+-------+-------+-------+-------+-------+-------+-------++-------
  Melee: Dagger            |    40 |   108 |       |       |       |       |       |       |       ||   148
         Tentacles         |     6 |    26 |    25 |    74 |   231 |   280 |   479 |   432 |   327 ||  1880
         Constrict         |     9 |    30 |    22 |    40 |   121 |   176 |   207 |   144 |    92 ||   841
         Halberd           |       |     4 |       |       |       |       |       |       |       ||     4
         Punch             |       |     1 |       |    11 |    11 |    20 |    43 |    35 |    23 ||   144
         Great mace        |       |       |   113 |   288 |    56 |     6 |       |       |    17 ||   480
         Hand axe          |       |       |       |       |   556 |       |       |       |       ||   556
         Morningstar       |       |       |       |       |   141 |   832 |  1199 |   972 |   680 ||  3824
  Throw: Stone             |     1 |     4 |     5 |     8 |       |       |       |       |       ||    18
         Dart              |       |       |     3 |     1 |     3 |     3 |     1 |     3 |       ||    14
         Boomerang         |       |       |     3 |     6 |     2 |     1 |     2 |       |       ||    14
         Javelin           |       |       |       |       |       |       |       |     4 |     6 ||    10
   Cast: Sting             |    52 |    71 |    74 |    52 |   141 |    89 |    19 |    52 |     2 ||   552
         Mercury Vapours   |       |    20 |    26 |    55 |   114 |   110 |    87 |     5 |       ||   417
         Olgreb's Toxic Ra |       |       |     7 |    41 |   110 |    78 |   106 |    73 |    17 ||   432
         Mephitic Cloud    |       |       |       |    27 |    48 |     6 |     2 |       |       ||    83
         Vampiric Draining |       |       |       |     2 |       |       |       |       |       ||     2
         Sticky Flame      |       |       |       |     8 |    64 |    43 |    14 |    61 |    56 ||   246
         Blink             |       |       |       |       |     2 |     1 |     2 |     7 |     1 ||    13
         Yara's Violent Un |       |       |       |       |     2 |       |     3 |       |       ||     5
         Lesser Beckoning  |       |       |       |       |    15 |    58 |    43 |    93 |    34 ||   243
         Fireball          |       |       |       |       |       |       |    12 |    20 |     8 ||    40
         Starburst         |       |       |       |       |       |       |    10 |    35 |    11 ||    56
         Orb of Destructio |       |       |       |       |       |       |     2 |   148 |   107 ||   257
         Passage of Golubr |       |       |       |       |       |       |       |       |     6 ||     6
 Invoke: Fiery Armour      |       |       |       |       |       |       |       |     1 |       ||     1
  Evoke: Wand              |       |       |     6 |     3 |     1 |     5 |     8 |     3 |    12 ||    38
         Phial of floods   |       |       |       |       |       |     2 |       |       |       ||     2
         Phantom mirror    |       |       |       |       |       |       |     1 |     1 |       ||     2
         Sack of spiders   |       |       |       |       |       |       |     2 |     1 |       ||     3
    Use: Scroll            |     4 |     5 |       |     9 |    10 |     6 |     4 |    13 |    11 ||    62
         Potion            |       |       |     3 |     5 |     2 |     3 |       |    14 |     9 ||    36
   Stab: Sleeping          |       |     2 |     4 |     4 |     2 |     2 |     2 |     1 |       ||    17
         Confused          |       |       |       |    17 |    44 |     3 |       |       |       ||    64
         Distracted        |       |       |       |       |       |     3 |     1 |     2 |       ||     6
         Invisible         |       |       |       |       |       |       |       |     2 |       ||     2
 Armour: Skin              |     8 |    47 |    80 |   160 |   284 |   190 |   205 |   322 |   217 ||  1513
  Dodge: Dodged            |    16 |    44 |   106 |   214 |   566 |   604 |   768 |   896 |   628 ||  3842
  Block: Other             |       |       |       |       |    63 |    40 |       |       |    11 ||   114
         Reflection        |       |       |       |       |    13 |    72 |    28 |    32 |    32 ||   177
         Kite shield       |       |       |       |       |       |   494 |       |       |       ||   494
         Buckler           |       |       |       |       |       |    32 |   593 |   573 |   478 ||  1676

Table legend: (Time is in decaauts)
 A = Elapsed time spent in this place.
 B = Non-inter-level travel time spent in this place.
 C = Inter-level travel time spent in this place.
 D = Time resting spent in this place.
 E = Time spent auto-exploring this place.
 F = Levels seen in this place.
 G = Mean time per level.
                   A        B        C        D        E       F      G
               +--------+--------+--------+--------+--------+-----+--------+
         Total | 128912 | 106152 |  22760 |  46511 |  42546 |  52 | 2479.1 |
       Dungeon |  31942 |  23483 |   8459 |   8394 |  11590 |  15 | 2129.5 |
          Lair |  13945 |  11599 |   2346 |   5018 |   4557 |   5 | 2789.0 |
        Shoals |   8747 |   7329 |   1418 |   3606 |   2558 |   4 | 2186.8 |
   Spider Nest |  10536 |   9561 |    975 |   4802 |   3528 |   4 | 2634.0 |
  Orcish Mines |   5647 |   3885 |   1762 |   1873 |   1222 |   2 | 2823.5 |
   Elven Halls |   7273 |   6237 |   1036 |   1839 |   3389 |   3 | 2424.3 |
        Vaults |  21207 |  18981 |   2226 |   8686 |   7614 |   5 | 4241.4 |
         Crypt |   4531 |   3928 |    603 |   1069 |   2229 |   2 | 2265.5 |
        Depths |  15265 |  12799 |   2466 |   5848 |   4854 |   4 | 3816.2 |
           Zot |   7232 |   5766 |   1466 |   4238 |    287 |   5 | 1446.4 |
         Sewer |    890 |    890 |      0 |    384 |    290 |   1 |  890.0 |
        Bailey |    952 |    952 |      0 |    615 |     26 |   1 |  952.0 |
      Gauntlet |    739 |    739 |      0 |    135 |    402 |   1 |  739.0 |
               +--------+--------+--------+--------+--------+-----+--------+

Top non-repeatable levels by time:
Vaults:4: 7457 daAuts
Depths:3: 5652 daAuts
Vaults:5: 4772 daAuts
Depths:2: 4649 daAuts
    D:15: 4515 daAuts
  Lair:2: 4456 daAuts
   Elf:3: 3824 daAuts
 Crypt:1: 3807 daAuts
Vaults:3: 3520 daAuts
     D:9: 3455 daAuts
Vaults:1: 3416 daAuts
Spider:4: 3321 daAuts
Spider:3: 3128 daAuts
   Zot:5: 3048 daAuts
Shoals:4: 2895 daAuts
